 Dungeon Crawl Stone Soup version 0.28-a0-1080-g05a166d0ed (webtiles) character file.

Game seed: 10506678963116066375

1324 SmokeWeed the Grave Robber (level 8, -2/58 HPs)
             Began as a Demonspawn Necromancer on Dec 9, 2021.
             Succumbed to a kobold brigand's curare-tipped dart
             ... on level 7 of the Dungeon.
             The game lasted 00:32:10 (8114 turns).

SmokeWeed the Grave Robber (Demonspawn Necromancer) Turns: 8114, Time: 00:32:11

Health: -2/58      AC: 11    Str:  9    XL:     8   Next: 33%
Magic:  3/17       EV: 11    Int: 20    God:
Gold:   290        SH:  4    Dex: 17    Spells: 8/17 levels left

rFire   . . .      SeeInvis .   c - +0 dagger (drain)
rCold   + . .      Faith    .   (no shield)
rNeg    . . .      Spirit   +   n - +3 ring mail
rPois   +          Reflect  .   (no helmet)
rElec   .          Harm     .   r - scarf {+Inv}
rCorr   +          Rampage  .   o - +0 pair of gloves
Will    .....                   e - +0 pair of boots
Stlth   ++........              (no amulet)
HPRegen 0.19/turn               u - ring of Tempters {rC+ rCorr Dex+3}
MPRegen 0.30/turn               y - ring of poison resistance

@: lethally poisoned (-2 -> -10), slowed, very slow
A: large bone plates 1, magic shield, magic regeneration, demonic magic 2,
weakness stinger 1, talons 1, clever 1, high mp 1, sense surroundings 1, subdued
magic 1
a: Evoke Invisibility


You were on level 7 of the Dungeon.
You visited 1 branch of the dungeon, and saw 7 of its levels.

You collected 290 gold pieces.

Inventory:

Hand Weapons
 c - a +0 dagger of draining (weapon)
 d - a +0 dagger of chaos
 w - a +1 vampiric dagger
Missiles
 b - 129 stones
 h - 19 poisoned darts (quivered)
 s - 50 sling bullets
 x - 19 arrows
Armour
 e - a +0 pair of boots (worn)
 n - a +3 ring mail (worn)
 o - a +0 pair of gloves (worn)
 r - a scarf of invisibility (worn)
Magical Staves
 f - a staff of air
Jewellery
 p - a ring of fire
 u - the ring of Tempters (left hand) {rC+ rCorr Dex+3}
   (You took it off a goblin on level 4 of the Dungeon)

   [ring of resist corrosion]

   Dex:       It affects your dexterity (+3).
   rC:        It protects you from cold.
   rCorr:     It protects you from acid and corrosion.
 y - a ring of poison resistance (right hand)
Wands
 a - a wand of digging (6)
Scrolls
 j - 3 scrolls of identify
 t - a scroll of summoning {unknown}
Potions
 g - a potion of berserk rage
 i - 2 potions of lignification
 k - a potion of flight
 l - 2 potions of attraction
 m - a potion of brilliance
 q - a potion of curing {unknown}
 v - a potion of cancellation {unknown}


   Skills:
 * Level 3.1 Fighting
 + Level 2.1 Staves
 + Level 1.5 Throwing
 * Level 3.5 Armour
 + Level 3.0 Dodging
 + Level 3.0 Stealth
 + Level 0.1 Shields
 + Level 5.0 Spellcasting
 + Level 6.8 Necromancy
 + Level 0.3 Evocations


You had 8 spell levels left.
You knew the following spells:

 Your Spells              Type           Power      Damage    Failure   Level
a - Pain                  Necr           96%        1d8       1%          1
b - Animate Skeleton      Necr           48%        N/A       1%          1
c - Animate Dead          Necr           12%        N/A       16%         4
d - Vampiric Draining     Necr           24%        2d7       4%          3

Your spell library contained the following spells:

 Spells                   Type           Power      Damage    Failure   Level
 Agony                    Necr           24%        N/A       41%         5


Dungeon Overview and Level Annotations

Branches:
Dungeon (7/15)
 Temple: D:4-7

Altars:
Ashenzari
Hepliaklqana
Makhleb
Nemelex Xobeh
Okawaru
Ru
Yredelemnul
Zin

Shops:
D:1 ?   D:2 [   D:7 ?

Annotations:
D:6 Pikel


Innate Abilities, Weirdness & Mutations

You are partially covered in large bone plates. (SH +4)
When hurt, damage is shared between your health and your magic reserves.
You regenerate magic rapidly.
Spells you cast may paralyse nearby enemies.
You have a small tail.
You have sharp toenails.
Your mind is acute. (Int +2)
You have an increased reservoir of magic. (+10% MP)
You passively map a small area around you.
Your spells are a little easier to cast, but a little less powerful.


Message History

The water moccasin barely misses you.
Casting: Pain (safe; 1% risk of failure)
Confirm with . or Enter, or press ? or * to list all spells.
Aiming: Pain (safe; 1% risk of failure)
Press: ? - help, Shift-Dir - straight line, f/p - water moccasin
Aim: a water moccasin (heavily wounded, chance to affect: 83%)
The water moccasin writhes in agony.
Malevolent energies surge around you.
The water moccasin suddenly stops moving!
Casting: Pain (safe; 1% risk of failure)
Confirm with . or Enter, or press ? or * to list all spells.
Aiming: Pain (safe; 1% risk of failure)
Press: ? - help, Shift-Dir - straight line, f/p - water moccasin
Aim: a water moccasin (heavily wounded, paralysed, chance to affect: 83%)
Okay, then.
The helpless water moccasin fails to defend itself.
You puncture the water moccasin!
You tail-slap the water moccasin, but do no damage.
The water moccasin is almost dead.
The helpless water moccasin fails to defend itself.
You puncture the water moccasin!
You kill the water moccasin!
The kobold brigand throws a curare-tipped dart.
The curare-tipped dart hits you.
You are lethally poisoned!
You have difficulty breathing.
* * * LOW HITPOINT WARNING * * *
You feel yourself slow down.
Your Dodging skill increases to level 3!
Your Spellcasting skill increases to level 5!
* * * LOW HITPOINT WARNING * * *
You feel very sick.
The kobold brigand throws a curare-tipped dart.
The curare-tipped dart hits you.
* * * LOW HITPOINT WARNING * * *
You feel very sick.
The kobold brigand throws a curare-tipped dart.
The curare-tipped dart hits you.
You have difficulty breathing.
* * * LOW HITPOINT WARNING * * *
You feel as though you will be slow longer.
You die...

#..........#
#..........# *
##..........# ,
............########
...................#
........K.#........#*
#....KK....).....# ,
#.....###........# ,
#...K.# #.@....... ,
*##.....###.....∩..#
* *
>.........#####....#
,
$##..........###.#.#
* , ........#.<.K.K#
..#
...........K...[...#
* ,
###.....#...K[.... #
, #......#........# *
#.#.####.........


You could see a kobold.

Vanquished Creatures
  A water moccasin (D:7)
  An ice beast (D:5)
  A sky beast (D:6)
  A black bear (D:5)
  2 necrophages
  2 ogres
  3 scorpions
  A water moccasin skeleton (D:4)
  2 centaur skeletons (D:5)
  An orc priest (D:4)
  2 iguanas (D:5)
  A jelly (D:4)
  2 hound zombies (D:5)
  3 gnolls (D:2)
  5 adders
  A howler monkey skeleton (D:4)
  A white imp (D:5)
  3 dart slugs
  8 orcs
  8 ball pythons
  8 endoplasms
  5 giant cockroaches
  6 hobgoblins
  5 quokkas
  6 bats
  8 frilled lizards
  11 goblins
  4 kobolds
  5 rats
107 creatures vanquished.

Vanquished Creatures (collateral kills)
  A hobgoblin (D:2)
1 creature vanquished.

Grand Total: 108 creatures vanquished

Notes
Turn   | Place    | Note
-------+----------+-------------------------------------------
     0 | D:1      | SmokeWeed the Demonspawn Necromancer began the quest for
                  | the Orb.
     0 | D:1      | Reached XP level 1. HP: 13/13 MP: 3/3
   521 | D:1      | Gained mutation: You regenerate magic rapidly. [demonic
                  | ancestry]
   521 | D:1      | Reached XP level 2. HP: 15/19 MP: 0/5
   624 | D:1      | Found a faded altar of an unknown god.
   824 | D:1      | Reached skill level 5 in Necromancy
  1019 | D:1      | Found Wonyip's Magic Scroll Shop.
  1060 | D:1      | Gained mutation: Your spells are a little easier to cast,
                  | but a little less powerful. [potion of mutation]
  1060 | D:1      | Gained mutation: You have a pair of small antennae on your
                  | head. [potion of mutation]
  1060 | D:1      | Gained mutation: You are strong-willed. (Will+) [potion of
                  | mutation]
  1060 | D:1      | Gained mutation: You have hidden genetic potential. [potion
                  | of mutation]
  1061 | D:1      | Lost mutation: You are strong-willed. (Will+) [potion of
                  | mutation]
  1061 | D:1      | Lost mutation: You have hidden genetic potential. [potion
                  | of mutation]
  1061 | D:1      | Lost mutation: You have a pair of small antennae on your
                  | head. [potion of mutation]
  1061 | D:1      | Gained mutation: You have sharp toenails. [potion of
                  | mutation]
  1061 | D:1      | Gained mutation: You passively map a small area around you.
                  | [potion of mutation]
  1061 | D:1      | Gained mutation: Your mind is acute. (Int +2) [potion of
                  | mutation]
  1061 | D:1      | Gained mutation: You have an increased reservoir of magic.
                  | (+10% MP) [potion of mutation]
  1122 | D:1      | Learned a level 1 spell: Animate Skeleton
  1385 | D:1      | Reached XP level 3. HP: 23/24 MP: 5/7
  1611 | D:2      | Found Lurhu's Armour Shop.
  2192 | D:2      | Gained mutation: Spells you cast may paralyse adjacent
                  | enemies. [demonic ancestry]
  2192 | D:2      | Reached XP level 4. HP: 29/30 MP: 6/8
  2559 | D:2      | You fall into a shaft and drop 1 floor!
  2736 | D:3      | Learned a level 4 spell: Animate Dead
  3165 | D:3      | Noticed an orc warrior
  3385 | D:4      | Noticed an ogre
  3520 | D:3      | Found a sacrificial altar of Ru.
  3522 | D:3      | Found an iron altar of Okawaru.
  3528 | D:3      | Found a burning altar of Makhleb.
  3539 | D:3      | Found a sparkling altar of Nemelex Xobeh.
  3543 | D:3      | Found a basalt altar of Yredelemnul.
  3615 | D:3      | Found a hazy altar of Hepliaklqana.
  4174 | D:4      | Found a broken altar of Ashenzari.
  4262 | D:4      | Gained mutation: Spells you cast may paralyse nearby
                  | enemies. [demonic ancestry]
  4262 | D:4      | Reached XP level 5. HP: 31/35 MP: 7/10
  4968 | D:4      | Killed an ogre
  4969 | D:4      | Reached skill level 1 in Fighting
  4969 | D:4      | Reached skill level 1 in Staves
  4969 | D:4      | Gained mutation: When hurt, damage is shared between your
                  | health and your magic reserves. [demonic ancestry]
  4969 | D:4      | Reached XP level 6. HP: 38/43 MP: 6/12
  5231 | D:4      | Reached skill level 1 in Armour
  5287 | D:4      | Identified a scroll of acquirement
  5287 | D:4      | Acquired a scarf of invisibility
  5300 | D:4      | Identified the ring of Tempters {rC+ rCorr Dex+3}
  5591 | D:4      | Reached skill level 1 in Throwing
  5667 | D:5      | Entered Level 5 of the Dungeon
  5713 | D:5      | Reached skill level 6 in Necromancy
  5713 | D:5      | Gained mutation: You have a small tail. [demonic ancestry]
  5713 | D:5      | Reached XP level 7. HP: 27/46 MP: 11/14
  6650 | D:5      | Noticed a yak
  6650 | D:5      | Noticed a yak
  6952 | D:5      | Noticed a yak
  6954 | D:5      | Noticed a yak
  7535 | D:6      | Gained mutation: You are partially covered in large bone
                  | plates. (SH +4) [demonic ancestry]
  7535 | D:6      | Reached XP level 8. HP: 39/54 MP: 13/16
  7683 | D:6      | Learned a level 3 spell: Vampiric Draining
  8024 | D:6      | Noticed Pikel
  8105 | D:7      | Found Xuargh's Magic Scroll Shoppe.
  8112 | D:7      | Reached skill level 5 in Spellcasting
  8113 | D:7      | HP: 2/58 [poisoned by a kobold brigand (curare-tipped
                  | dart)]
  8114 | D:7      | Succumbed to a kobold brigand's curare-tipped dart

Illustrated notes

Levels and vault maps discovered:
D:1:      dpeg_arrival_prison, layout_loops_cross, serial_shops, shop,
          ebering_ecumenical_altar_sacrificial
D:2:      layout_basic, serial_shops, nicolae_shop_crystal,
          uniq_crazy_yiuf_cottage
D:3:      layout_basic, old_standard_altar, nicolae_overflow_hallway_of_the_gods
D:4:      minmay_opposing_rooms, layout_layer_cave,
          mainiacjoe_overflow_concentric_impassable, minmay_statues_item
D:5:      layout_loops_ring, minmay_temple_entry_from_below_a,
          hangedman_decor_clover_reticule, st_stairs_4
D:6:      layout_basic, uniq_pikel
D:7:      lemuel_insect_pit, layout_rooms, kennysheep_little_box, serial_shops,
          shop, gup_ossuary_entry_pyramid, minmay_checkerbox

Skill      XL: |  1  2  3  4  5  6  7  8 |
---------------+-------------------------+-----
Necromancy     | 5 6 |  6.8
Stealth        | 2 3 |  3.0
Dodging        | 2 3 |  3.0
Spellcasting   | 3 4 5 |  5.0
Fighting       | 1 2 3 |  3.1
Staves         | 1 2 |  2.1
Armour         | 1 2 3 |  3.5
Throwing       | 1 |  1.5
Shields        | |  0.1
Evocations     | |  0.3

Action                   |  1- 3 |  4- 6 |  7- 9 || total
-------------------------+-------+-------+-------++-------
Melee: Unarmed           |     4 |       |       ||     4
       Staff             |    41 |    85 |    65 ||   191
       Dagger            |     3 |    31 |   105 ||   139
       Kick              |     3 |     1 |       ||     4
       Tailslap          |       |       |    22 ||    22
Throw: Stone             |     6 |       |       ||     6
       Dart              |       |    13 |    10 ||    23
 Cast: Pain              |    39 |    87 |    40 ||   166
       Animate Skeleton  |     3 |       |     1 ||     4
 Abil: Evoke Invisibilit |       |       |     1 ||     1
  Use: Scroll            |     6 |     6 |     1 ||    13
       Potion            |     3 |       |       ||     3
 Stab: Sleeping          |     4 |     1 |     2 ||     7
       Paralysed         |       |     7 |     7 ||    14
       Distracted        |       |     1 |       ||     1
       Invisible         |       |       |     2 ||     2
Armor: Robe              |    14 |    14 |       ||    28
       Skin              |     2 |       |       ||     2
       Ring mail         |       |    45 |   108 ||   153
Dodge: Dodged            |    40 |    73 |   109 ||   222
Block: Other             |       |       |     8 ||     8

Table legend: (Time is in decaauts)
 A = Elapsed time spent in this place.
 B = Non-inter-level travel time spent in this place.
 C = Inter-level travel time spent in this place.
 D = Time resting spent in this place.
 E = Time spent auto-exploring this place.
 F = Levels seen in this place.
 G = Mean time per level.
                   A        B        C        D        E       F      G
               +--------+--------+--------+--------+--------+-----+--------+
         Total |   8142 |   8142 |      0 |   2060 |   4102 |   7 | 1163.1 |
       Dungeon |   8142 |   8142 |      0 |   2060 |   4102 |   7 | 1163.1 |
               +--------+--------+--------+--------+--------+-----+--------+

Top non-repeatable levels by time:
     D:4: 1876 daAuts
     D:5: 1828 daAuts
     D:1: 1613 daAuts
     D:3: 1245 daAuts
     D:2: 956 daAuts
     D:6: 605 daAuts
     D:7: 16 daAuts
